Map: Ulrena

Players

lesha - Winner!

  • Race: Terran Terran

A.I. 1 (Very Hard)

  • Race: Protoss Protoss

VOD

Have the link to the VOD?

Description

Time

  • Played on: Dec. 5, 2015, 6:57 a.m.
  • Length: 13:38
Show
View Real Time Build Order
Export as new Build Order

lesha Terran - Winner!

Build Orders: MMM Bio 

Get SALT Encoding   

  12  0:01  SCV  
  13  0:13  SCV  
  14  0:18  Supply Depot  
  14  0:25  SCV  
  15  0:40  SCV  
  15  0:42  Barracks  
  16  0:52  SCV  
  17  1:04  SCV  
  18  1:16  SCV  
  19  1:25  Command Center  
  19  1:33  Orbital Command  
  19  1:35  Refinery  
  19  1:37  Marine  
  20  1:44  Refinery  
  20  1:55  Marine  
  21  2:02  SCV  
  22  2:13  Marine  
  23  2:23  Supply Depot  
  23  2:36  SCV, Factory  
  24  2:37  Marine  
  24  2:41  Orbital Command  
  25  2:48  SCV  
  26  2:58  Marine  
  27  3:00  SCV, Bunker  
  28  3:12  SCV x2  
  30  3:24  SCV  
  31  3:27  Factory Tech Lab  
  31  3:28  Starport  
  31  3:41  Supply Depot  
  31  3:51  Siege Tank  
  31  3:54  Barracks Tech Lab  
  34  4:01  SCV, Barracks  
  34  4:02  SCV, Engineering Bay, Barracks  
  36  4:03  Supply Depot  
  36  4:13  SCV  
  36  4:14  SCV  
  38  4:25  SCV  
  38  4:27  SCV  
  38  4:29  Marauder  
  38  4:30  Siege Tank  
  45  4:33  Bunker  
  45  4:42  SCV x2  
  45  4:44  Supply Depot  
  47  4:49  Starport Reactor  
  47  4:50  Marauder  
  49  4:54  SCV x2  
  49  4:57  Terran Infantry Weapons Level 1  
  49  4:58  Engineering Bay  
  51  5:00  Barracks Reactor  
  51  5:01  Barracks Reactor  
  51  5:02  Stimpack  
  51  5:14  Refinery  
  51  5:15  SCV x2  
  51  5:16  Refinery  
  53  5:27  SCV x2  
  55  5:33  Siege Tank  
  55  5:34  Medivac  
  60  5:39  SCV x2  
  62  5:48  Marine  
  62  5:49  Marine x3  
  67  5:51  SCV x2  
  67  5:52  Marauder  
  70  6:05  Barracks  
  70  6:08  Barracks  
  70  6:13  Supply Depot  
  70  6:18  Supply Depot  
  70  6:20  Supply Depot  
  70  6:33  Command Center  
  70  6:34  Medivac, Marine x4  
  70  6:35  Marauder  
  70  6:39  Terran Infantry Armor Level 1  
  78  6:52  Marine x3  
  81  6:55  Barracks  
  81  6:58  Barracks  
  81  7:19  Barracks Reactor, Marine x3  
  81  7:21  Barracks Reactor  
  86  7:23  Medivac, Marauder  
  86  7:24  Medivac  
  86  7:26  Marine  
  91  7:35  Supply Depot x2  
  91  7:36  Marine x2  
  91  7:37  Marine  
  92  7:38  Supply Depot  
  92  7:39  Supply Depot  
  92  7:41  Supply Depot  
  92  7:43  Starport  
  94  7:44  Combat Shields  
  94  7:45  Marauder  
  94  7:50  Armory  
  96  7:54  Marine x4  
  96  7:55  Medivac  
  96  7:56  Medivac  
  104  8:00  Barracks Tech Lab  
  104  8:02  Barracks Reactor  
  104  8:23  Marine x4  
  104  8:24  Marine x4  
  114  8:27  Marauder  
  114  8:38  Terran Infantry Weapons Level 2  
  114  8:39  Terran Infantry Armor Level 2  
  114  8:47  Command Center  
  114  8:48  Marauder  
  116  8:51  Marine x4  
  116  8:52  Marine x2  
  116  8:53  Marine x2  
  124  9:03  Supply Depot  
  124  9:06  Supply Depot  
  124  9:10  Marauder  
  124  9:11  Supply Depot  
  125  9:26  Marine x2  
  125  9:32  Marauder  
  124  10:06  Marine x3  
  98  10:32  Marine x2  
  98  10:33  Marine x7  
  98  10:35  Widow Mine  
  107  10:36  Medivac x2  
  107  10:50  Marine x4  
  107  10:51  Marine x2  
  107  10:52  Marauder  
  107  10:55  Orbital Command  
  115  10:58  Orbital Command  
  115  11:01  Terran Infantry Weapons Level 3  
  115  11:04  Siege Tank  
  115  11:06  Medivac x2  
  122  11:13  Marauder  
  124  11:35  Marauder  
  126  11:56  Marauder  
  129  12:15  SCV  
  129  12:27  SCV  
  129  12:28  Refinery  
  129  12:29  Refinery  
  130  12:31  Refinery  
  130  12:33  SCV x3, Refinery  
  133  12:37  Supply Depot  
  133  12:39  Supply Depot, SCV  
  133  12:40  Supply Depot  
  133  12:41  Marine x3  
  133  12:42  Marauder, Marine  
  133  12:43  Marine x3  
  133  12:44  Marine  
  144  12:45  SCV x2  
  144  12:46  Medivac x2  
  150  12:59  Marine x4  
  150  13:01  Marine x4  
  150  13:04  Marauder  
  160  13:17  Marine x4  
  160  13:19  Marine x2  
Show
View Real Time Build Order
Export as new Build Order

A.I. 1 (Very Hard) Protoss 

Build Orders: Zealot Archon, Colossus Rush 

Get SALT Encoding   

  12  0:01  Probe (Chrono Boost)  
  13  0:11  Probe (Chrono Boost)  
  14  0:20  Pylon  
  14  0:22  Probe (Chrono Boost)  
  15  0:38  Probe (Chrono Boost)  
  16  0:47  Assimilator  
  16  0:49  Probe (Chrono Boost)  
  17  0:51  Gateway  
  17  0:59  Probe (Chrono Boost), Pylon  
  18  1:10  Probe (Chrono Boost)  
  19  1:20  Probe (Chrono Boost)  
  20  1:31  Probe (Chrono Boost)  
  21  1:38  Gateway, Zealot  
  21  1:42  Cybernetics Core  
  21  1:43  Probe (Chrono Boost)  
  24  1:49  Pylon  
  25  1:54  Probe (Chrono Boost)  
  25  2:04  Zealot  
  25  2:05  Probe (Chrono Boost)  
  28  2:12  Assimilator  
  28  2:14  Warp Gate  
  28  2:16  Probe (Chrono Boost)  
  29  2:24  Adept  
  29  2:29  Probe (Chrono Boost)  
  32  2:30  Adept  
  34  2:38  Pylon  
  34  2:40  Probe (Chrono Boost)  
  35  2:50  Adept  
  36  2:52  Probe (Chrono Boost)  
  36  2:55  Sentry  
  40  3:04  Probe (Chrono Boost)  
  41  3:16  Probe (Chrono Boost)  
  42  3:22  Nexus  
  43  3:27  Stalker  
  43  3:28  Probe (Chrono Boost)  
  45  3:39  Probe (Chrono Boost)  
  46  3:44  Robotics Facility  
  46  3:51  Probe (Chrono Boost)  
  46  3:53  Pylon  
  47  4:12  Probe (Chrono Boost)  
  47  4:16  Adept  
  50  4:21  Adept  
  53  4:24  Probe (Chrono Boost)  
  53  4:34  Probe (Chrono Boost)  
  53  4:35  Probe (Chrono Boost), Adept  
  57  4:45  Probe (Chrono Boost), Robotics Bay  
  58  4:46  Probe (Chrono Boost)  
  58  4:47  Observer  
  60  4:57  Probe x2 (Chrono Boost)  
  60  4:59  Robotics Facility  
  62  5:07  Pylon  
  62  5:08  Stalker, Probe (Chrono Boost)  
  62  5:09  Probe (Chrono Boost)  
  62  5:12  Stalker  
  68  5:17  Pylon  
  68  5:20  Probe x2 (Chrono Boost)  
  70  5:26  Colossus  
  76  5:45  Stalker, Zealot  
  76  5:47  Probe (Chrono Boost), Pylon  
  81  5:56  Twilight Council  
  81  5:58  Assimilator  
  81  6:02  Gateway  
  81  6:04  Assimilator  
  81  6:12  Pylon  
  81  6:20  Probe x2 (Chrono Boost)  
  83  6:28  Nexus  
  83  6:31  Probe (Chrono Boost)  
  83  6:32  Probe (Chrono Boost)  
  85  6:36  Templar Archives  
  85  6:41  Probe (Chrono Boost)  
  85  6:43  Probe (Chrono Boost)  
  87  6:47  Pylon  
  87  7:00  Forge  
  87  7:01  Pylon  
  87  7:03  Stalker  
  87  7:04  Forge  
  87  7:07  Stalker  
  91  7:12  Stalker  
  93  7:22  Gateway  
  93  7:23  Immortal  
  93  7:24  High Templar  
  93  7:28  High Templar  
  101  7:30  Pylon  
  101  7:33  Sentry  
  103  7:38  Photon Cannon  
  103  7:41  Probe x2 (Chrono Boost)  
  103  7:42  Probe (Chrono Boost), Pylon, Archon  
  106  7:49  Assimilator  
  106  7:52  Probe (Chrono Boost), Assimilator  
  106  7:54  Probe x2 (Chrono Boost), High Templar  
  106  7:55  Zealot  
  113  7:59  Stalker  
  113  8:03  Probe (Chrono Boost)  
  113  8:05  Probe (Chrono Boost)  
  117  8:07  Probe (Chrono Boost)  
  118  8:13  Photon Cannon  
  118  8:14  Stalker  
  118  8:15  Stalker, Probe (Chrono Boost)  
  118  8:17  Probe (Chrono Boost)  
  118  8:18  Probe (Chrono Boost)  
  125  8:21  Stalker  
  125  8:23  Stalker  
  125  8:25  Immortal  
  125  8:26  Probe (Chrono Boost)  
  130  8:28  Probe (Chrono Boost), Pylon  
  130  8:29  Probe (Chrono Boost)  
  130  8:31  Protoss Ground Weapons Level 1  
  136  8:36  High Templar  
  136  8:38  Sentry, Probe (Chrono Boost)  
  136  8:40  Probe (Chrono Boost), Protoss Ground Armor Level 1  
  142  8:43  Photon Cannon  
  142  8:45  Pylon  
  142  8:49  Archon  
  142  8:55  High Templar  
  144  9:04  High Templar  
  144  9:08  Pylon, Warp Prism  
  144  9:09  Immortal  
  146  9:12  Photon Cannon  
  146  9:15  Pylon  
  152  9:19  Psionic Storm  
  152  9:24  Zealot x2  
  152  9:25  Zealot  
  150  9:33  Zealot  
  116  9:42  Immortal  
  116  9:43  Stalker  
  116  9:44  Zealot x2  
  124  9:47  Archon  
  124  9:53  High Templar  
  126  10:02  Sentry, High Templar  
  126  10:06  Zealot  
  84  10:17  Photon Cannon  
  76  10:24  Zealot  
  76  10:25  Adept  
  76  10:26  Probe x3 (Chrono Boost), Zealot  
  71  10:33  Stalker  
  68  10:37  Probe (Chrono Boost)  
  68  10:38  Immortal, Probe (Chrono Boost)  
  63  10:43  Zealot x2  
  63  10:45  Stalker  
  63  10:49  Probe (Chrono Boost)  
  63  10:50  Probe (Chrono Boost)  
  63  10:54  Immortal, Zealot  
  68  11:00  Probe (Chrono Boost)  
  68  11:01  Probe (Chrono Boost)  
  68  11:02  Zealot  
  68  11:03  High Templar  
  73  11:06  Zealot  
  75  11:12  Probe (Chrono Boost)  
  75  11:13  Probe (Chrono Boost)  
  75  11:14  Zealot  
  75  11:17  Immortal  
  81  11:22  Adept  
  81  11:23  Probe x2 (Chrono Boost)  
  82  11:26  Zealot  
  68  11:32  Stalker  
  68  11:34  Zealot  
  68  11:39  Probe (Chrono Boost)  
  71  11:42  Stalker  
  71  11:45  Sentry  
  68  11:51  Probe (Chrono Boost)  
  68  11:53  High Templar  
  62  11:55  Adept  
  59  12:02  Probe (Chrono Boost)  
  59  12:05  Zealot  
  59  12:07  Archon  
  55  12:08  Stalker  
  55  12:14  Probe (Chrono Boost)  
  55  12:15  High Templar  
  42  12:24  High Templar  
  42  12:26  Probe (Chrono Boost)  
  45  12:40  High Templar, Archon  
  47  12:47  High Templar  
  49  13:01  Archon  
  49  13:12  High Templar  
Tags
 
Add a new tag
Caveats
  • Supply blocks, unpowered buildings, or Contaminate may cause inaccurate times.
  • Supply counts are checked every 10 seconds.